 Dungeon Crawl Stone Soup version 0.31.0-32-g396128a36d (webtiles) character file.

Game seed: 16616958566215063470

407 TacoSundae the Ruffian (level 6, 0/29 HPs)
             Began as a Vine Stalker Shapeshifter on Apr 6, 2024.
             Slain by a gnoll
             ... wielding a +0 spear
              (5 damage)
             ... on level 4 of the Dungeon.
             The game lasted 00:06:00 (2397 turns).

TacoSundae the Ruffian (Vine Stalker Shapeshifter)  Turns: 2397, Time: 00:06:01

Health: 0/29       AC:  3    Str: 19    XL:     6   Next: 88%
Magic:  0/7        EV: 16    Int: 10    God:
Gold:   134        SH:  0    Dex: 13    Spells: 5/5 levels left

rFire   . .          .
                       - Unarmed
rCold   . . .        (no shield)
rNeg    . . .        m - +0 leather armour
rPois   .            (helmet currently unavailable)
rElec   .            (cloak currently unavailable)
rCorr   +            (gloves currently unavailable)
SInv    .            (boots currently unavailable)
Will    .....        (no amulet)
Stlth   +            h - ring of resist corrosion
HPRegen 1.04/turn    r - +5 ring of evasion
MPRegen 0.10/turn

%: guardian spirit
@: beast-form
A: beast (slay +2), fangs 2, regeneration 1, magic shield, antimagic bite, no
potion heal 2
a: Begin Untransformation


You were on level 4 of the Dungeon.
You were a hulking beast.
You visited 1 branch of the dungeon, and saw 4 of its levels.

You collected 134 gold pieces.

Inventory:

Missiles
 j - 2 throwing nets (quivered)
Armour
 g - a +0 pair of boots
 k - a +0 helmet
 m - a +0 leather armour (worn)
Jewellery
 h - a ring of resist corrosion (left hand)
 r - a +5 ring of evasion (right hand)
Talismans
 c - a beast talisman
 d - a flux talisman
Wands
 s - a wand of flame (5)
Scrolls
 a - a scroll of identify {unknown}
 f - 2 scrolls of poison {unknown}
 i - a scroll of revelation {unknown}
 l - a scroll of amnesia {unknown}
 n - a scroll of acquirement {unknown}
 o - a scroll of teleportation {unknown}
Potions
 b - 2 potions of lignification
 e - 3 potions of curing
 p - a potion of degeneration {unknown}
 q - a potion of might {unknown}


   Skills:
 - Level 0.8 Fighting
 - Level 1.5 Dodging
 * Level 6.3 Unarmed Combat
 + Level 4.7 Shapeshifting


You had 5 spell levels left.
You didn't know any spells.
Your spell library contained the following spells:

 Spells                   Type           Power      Damage    Failure   Level
 Ensorcelled Hibernation  Hex/Ice        0%         N/A       56%         2
 Passwall                 Erth           0%         N/A       80%         3
 Swiftness                Air            0%         N/A       80%         3


Dungeon Overview and Level Annotations

Branches:
Dungeon (4/15)
 Temple: D:4-7

Altars:


Innate Abilities, Weirdness & Mutations

You are a hulking beast.
Your limbs bulge with bestial killing power. (Slay +2)
You have extremely sharp teeth.
Your natural rate of healing is unusually fast.
When hurt, damage is shared between your health and your magic reserves.
Your bite disrupts and absorbs the magic of your enemies.
Potions cannot restore your health.


Message History

The hobgoblin barely misses you.
You punch the hobgoblin!
You kill the hobgoblin!
The gnoll attacks as it pursues you!
The gnoll hits you from afar with a +4 spear of venom.
You are poisoned.
You feel sick.
The gnoll hits you with a +4 spear of venom!
You are more poisoned.
You hit the gnoll.
The gnoll is lightly wounded.
You feel very sick.
You punch the gnoll!
The gnoll is severely wounded.
You feel sick. The gnoll misses you. The gnoll closely misses you.
You hit the gnoll but do no damage. You bite the gnoll. You drain its power.
You feel invigorated.
The gnoll is almost dead.
You feel very sick. The gnoll hits you but does no damage.
The gnoll hits you with a +4 spear of venom!
* * * LOW HITPOINT WARNING * * *
You closely miss the gnoll.
The gnoll is almost dead.
You feel sick. The gnoll barely misses you.
You hit the gnoll.
You kill the gnoll!
You feel sick.
The gnoll hits you from afar with a +0 spear.
* * * LOW HITPOINT WARNING * * *
* * * LOW HITPOINT WARNING * * *
You feel sick.
It was a potion of curing.
Your system rejects the healing.
You feel better. The gnoll misses you. The gnoll attacks as it pursues you!
The gnoll hits you from afar with a +0 spear.
* * * LOW HITPOINT WARNING * * *
The gnoll attacks as it pursues you!
The gnoll hits you from afar with a +0 spear!
You die...

###############
..............#
..............#
..............#
........h.....#
#+###..###+###
##.g##...#. #..........
#..g....... #..........
#.)........ # ######
###.###....
###....####+###.#######


You could see 2 gnolls.

Vanquished Creatures
  An ogre (D:4)
  4 orc priests (D:4)
  2 orc wizards
  An adder (D:2)
  5 gnolls
  2 ribbon worms
  2 dart slugs (D:2)
  16 orcs
  6 endoplasms
  2 giant cockroaches
  5 goblins
  6 hobgoblins
  3 jackals (D:2)
  4 kobolds
  6 quokkas
  4 ball pythons
  4 bats
  3 frilled lizards (D:1)
  4 rats
80 creatures vanquished.

Notes
Turn   | Place    | Note
-------+----------+-------------------------------------------
     0 | D:1      | TacoSundae the Vine Stalker Shapeshifter began the quest
                  | for the Orb.
     0 | D:1      | Reached XP level 1. HP: 9/9 MP: 2/2
   105 | D:1      | Reached XP level 2. HP: 13/14 MP: 1/3
   606 | D:2      | Reached XP level 3. HP: 17/17 MP: 2/4
   798 | D:2      | Reached skill level 4 in Unarmed Combat
  1192 | D:3      | Reached XP level 4. HP: 21/21 MP: 3/5
  1236 | D:3      | Found a faded altar of an unknown god.
  1537 | D:3      | Reached XP level 5. HP: 14/25 MP: 6/6
  1544 | D:3      | Reached skill level 5 in Unarmed Combat
  2100 | D:4      | Noticed an ogre
  2180 | D:4      | Reached XP level 6. HP: 29/29 MP: 7/7
  2345 | D:4      | Reached skill level 6 in Unarmed Combat
  2391 | D:4      | HP: 1/29 [poisoned by a gnoll]
  2397 | D:4      | Slain by a gnoll

Illustrated notes

Levels and vault maps discovered:
D:1:      wander_arrival_desolate, layout_basic, feat_on_display
D:2:      layout_basic, minmay_3d_cube
D:3:      layout_basic, ebering_ecumenical_altar_ruins, dk_vineyard_3,
          corexii_leaking_fountain, kennysheep_generic_room_6
D:4:      layout_gridville, minmay_temple_entry_nine_rooms, uniq_edmund

Skill      XL: |  1  2  3  4  5  6 |
---------------+-------------------+-----
Unarmed Combat | 4 5 6 |  6.3
Shapeshifting  | 4 |  4.7
Fighting       | |  0.8
Dodging        | |  1.5

Action                     |  1- 3 |  4- 6 || total
---------------------------+-------+-------++-------
  Melee: Unarmed           |    75 |   118 ||   193
         Bite              |    15 |    34 ||    49
         Punch             |     2 |     9 ||    11
  Evoke: Wand              |       |     6 ||     6
    Use: Potion            |       |     1 ||     1
   Stab: Sleeping          |     1 |       ||     1
 Armour: Animal skin       |    31 |     5 ||    36
         Leather armour    |       |    49 ||    49
  Dodge: Dodged            |    52 |    60 ||   112
